 Dungeon Crawl Stone Soup version 0.24.1-11-gbbbb2193e6 (webtiles) character file.

Game seed: 18049131590821786520, levelgen mode: deterministic

2732 Mrkan the Grappler (level 9, -4/138 HPs)
             Began as a Troll Berserker on May 14, 2020.
             Was an Elder of Trog.
             Slain by Duvessa
             ... wielding a +2 rapier of venom
              (14 damage)
             ... on level 6 of the Dungeon.
             The game lasted 00:11:50 (5905 turns).

Mrkan the Grappler (Troll Berserker)                Turns: 5905, Time: 00:11:50

Health: -4/138     AC:  7    Str: 32    XL:     9   Next: 40%
Magic:  8/8        EV: 10    Int:  6    God:    Trog [****..]
Gold:   369        SH:  0    Dex:  9    Spells: 8/8 levels left

rFire    . . .     SeeInvis .     - Unarmed
rCold    . . .     Gourm    +   (no shield)
rNeg     . . .     Faith    .   a - +0 animal skin
rPois    .         Spirit   .   (helmet restricted)
rElec    .         Reflect  .   q - +0 cloak
rCorr    .         Harm     .   (gloves unavailable)
MR       ++...                  (boots unavailable)
Stlth    ..........             (no amulet)
HPRegen  1.73/turn              (no ring)
MPRegen  0.11/turn              (no ring)

@: berserking, lethally poisoned (-4 -> -5), regenerating, very quick
A: large, unfitting armour, claws 3, fast metabolism 3, gourmand, regeneration
1, shaggy fur 1, tough skin 3
a: Berserk, Trog's Hand, Brothers in Arms, Renounce Religion


You were on level 6 of the Dungeon.
You worshipped Trog.
Trog was greatly pleased with you.
You were very full.

You visited 1 branch of the dungeon, and saw 7 of its levels.

You collected 369 gold pieces.

Inventory:

Hand Weapons
 x - a +0 giant spiked club
Missiles
 n - 2 atropa-tipped darts (quivered)
 r - 4 large rocks
 y - a throwing net
Armour
 a - a +0 animal skin (worn)
 q - a +0 cloak (worn)
Jewellery
 f - an uncursed ring of ice {unknown}
 k - an uncursed ring of resist corrosion {unknown}
 m - a cursed ring of protection from cold {unknown}
Wands
 t - a wand of iceblast (3)
 G - a wand of enslavement (7)
Scrolls
 c - a scroll of noise {unknown}
 e - 6 scrolls of teleportation {unknown}
 g - a scroll of enchant weapon {unknown}
 h - 7 scrolls of identify {unknown}
 j - a scroll of fear {unknown}
 s - a scroll of immolation {unknown}
 u - 2 scrolls of magic mapping {unknown}
 w - 4 scrolls of remove curse {unknown}
 E - a scroll of blinking {unknown}
 F - a scroll of random uselessness {unknown}
Potions
 d - a potion of curing
 i - a potion of haste
 l - 2 potions of lignification
 o - 2 potions of magic {unknown}
 p - a potion of heal wounds {unknown}
 v - a potion of resistance {unknown}
 z - 2 potions of flight {unknown}
 A - a potion of brilliance {unknown}
 B - a potion of invisibility {unknown}
 C - 2 potions of mutation {unknown}
 D - 3 potions of agility {unknown}
 H - 2 potions of berserk rage {unknown}
 J - a potion of might
Comestibles
 b - 11 rations
 I - 5 chunks of flesh


   Skills:
 + Level 6.7 Fighting
 - Level 2.4 Dodging
 * Level 10.9 Unarmed Combat


You had 8 spell levels left.
You didn't know any spells.
Your spell library was empty.

Dungeon Overview and Level Annotations

Branches:
Dungeon (7/15)             Temple (0/1) D:5

Altars:
Cheibriados
Fedhas
Okawaru
Uskayaw
The Shining One

Shops:
D:4 %

Annotations:
D:6 Dowan, Duvessa


Innate Abilities, Weirdness & Mutations

You are too large for most types of armour.
You have claws for hands.
Your metabolism is lightning-fast.
You like to eat raw meat.
Your natural rate of healing is unusually fast.
You are covered in fur. (AC +1)
You have extremely tough skin. (AC +3)


Message History

Duvessa hits you with a +2 rapier of venom!
* * * LOW HITPOINT WARNING * * *
You are poisoned.
Okay, then.
Your skin crawls.
You feel resistant to hostile enchantments.
You feel somewhat less full.
You feel sick. Duvessa barely misses you.
A red film seems to cover your vision as you go berserk!
You feel yourself moving faster!
You feel mighty!
You feel sick.
Duvessa says, "My weaknesses are his strengths!"
Duvessa hits you but does no damage.
You are more poisoned.
You completely miss Duvessa.
Duvessa is heavily wounded.
You feel sick.
You claw Duvessa!
Duvessa is almost dead.
You feel sick.
Duvessa hits you with a +2 rapier of venom!
You die...

##### ###...# ......#
......# ......# ......###
........##############
........'.......@ee)>######
##......##########........#
##......# ####.....(..#
.#......# ####...........#
.#.)...[####..'...........#
.'...........##...........#
.#...#######..####._......#
###[###........# ###.######
##...##.####...# #)#


You could see Duvessa and Dowan.

Vanquished Creatures
  Grinder (D:5)
  2 black bears (D:6)
  3 sky beasts
  A necrophage (D:6)
  2 phantoms (D:4)
  3 ogres
  2 centaurs
  A bullfrog (D:6)
  3 scorpions
  3 killer bees (D:4)
  4 wights (D:6)
  2 howler monkeys
  A crimson imp (D:5)
  3 hounds
  A jelly (D:6)
  A centaur skeleton (D:4)
  4 orc wizards
  A bullfrog skeleton (D:7)
  Jessica (D:3)
  6 worker ants
  Ijyb (D:3)
  A hound skeleton (D:3)
  2 worker ant zombies
  5 adders
  7 gnolls
  A shadow imp (D:4)
  6 worms
  3 dart slugs
  2 leopard geckos
  16 orcs
  6 bats
  3 giant cockroaches
  7 goblins
  12 hobgoblins
  11 jackals
  7 kobolds
  5 quokkas
  7 frilled lizards
  A quokka skeleton (D:7)
  12 rats
160 creatures vanquished.

Notes
Turn   | Place    | Note
-------+----------+-------------------------------------------
     0 | D:1      | Mrkan the Troll Berserker began the quest for the Orb.
     0 | D:1      | Reached XP level 1. HP: 22/22 MP: 0/0
   170 | D:1      | Reached XP level 2. HP: 29/29 MP: 1/1
   800 | D:2      | Reached skill level 4 in Unarmed Combat
   800 | D:2      | Reached XP level 3. HP: 21/36 MP: 2/2
   855 | D:2      | Reached ** piety under Trog
   963 | D:2      | Reached XP level 4. HP: 45/45 MP: 3/3
  1771 | D:3      | Reached skill level 5 in Unarmed Combat
  1771 | D:3      | Reached XP level 5. HP: 49/53 MP: 4/4
  1810 | D:3      | Noticed Jessica
  1813 | D:3      | Noticed Ijyb
  1816 | D:3      | Killed Jessica
  1834 | D:3      | Killed Ijyb
  1839 | D:3      | Reached *** piety under Trog
  2395 | D:4      | Noticed an ogre
  2404 | D:4      | Killed an ogre
  2404 | D:4      | Reached skill level 6 in Unarmed Combat
  2404 | D:4      | Reached XP level 6. HP: 50/62 MP: 5/5
  2526 | D:4      | Reached XP level 7. HP: 70/70 MP: 6/6
  2623 | D:4      | Found Joanug Munn's Food Shop.
  2695 | D:4      | Reached skill level 7 in Unarmed Combat
  2963 | D:4      | Reached **** piety under Trog
  3027 | D:4      | Found a hide-covered altar of Uskayaw.
  3454 | D:5      | Entered Level 5 of the Dungeon
  3474 | D:5      | Found a staircase to the Ecumenical Temple.
  3484 | D:5      | Reached skill level 8 in Unarmed Combat
  3589 | D:5      | Reached skill level 5 in Fighting
  3597 | D:5      | Reached XP level 8. HP: 57/80 MP: 7/7
  3693 | D:5      | HP: 2/80 [killer bee (7)]
  3700 | D:4      | HP: 5/120 [killer bee (4)]
  3705 | D:4      | HP: 3/120 [poisoned by a killer bee]
  3710 | D:4      | HP: 2/120 [poisoned by a killer bee]
  3716 | D:4      | HP: 2/120 [poisoned by a killer bee]
  3722 | D:4      | HP: 3/120 [poisoned by a killer bee]
  3729 | D:4      | HP: 4/120 [poisoned by a killer bee]
  3734 | D:4      | HP: 5/120 [poisoned by a killer bee]
  4631 | D:5      | Reached skill level 9 in Unarmed Combat
  4670 | D:5      | Found a snail-covered altar of Cheibriados.
  4829 | D:5      | Noticed Grinder
  4835 | D:5      | Killed Grinder
  4980 | D:5      | Found a glowing golden altar of the Shining One.
  5232 | D:6      | Found a blossoming altar of Fedhas.
  5259 | D:6      | Reached skill level 10 in Unarmed Combat
  5284 | D:6      | Reached XP level 9. HP: 70/89 MP: 8/8
  5567 | D:6      | Found an iron altar of Okawaru.
  5857 | D:7      | Noticed Duvessa
  5885 | D:7      | Noticed Dowan
  5900 | D:6      | HP: 3/91 [Dowan/puff of frost (7)]
  5905 | D:6      | Slain by Duvessa

Levels and vault maps discovered:
D:1:      eino_arrival_water_cross, layout_basic
D:2:      layout_rooms, first_ration, kennysheep_generic_room_11
D:3:      layout_loops_ring, uniq_ijyb, uniq_jessica
D:4:      layout_basic, lemuel_doored_altar, serial_shops, nicolae_shop_stone
D:5:      layout_basic, lemuel_crystal_altar, minmay_temple_entry_grid,
          tso_metal_star, uniq_grinder
D:6:      layout_basic, overflow_temple_1_default, lemuel_round_altar
D:7:      layout_cave_pools, minitemple, uniq_duvessa, uniq_prince_ribbit1,
          uniq_crazy_yiuf_cottage

Skill      XL: |  1  2  3  4  5  6  7  8 |
---------------+-------------------------+-----
Unarmed Combat | 4 5 6 8 10 | 10.9
Fighting       | 3 4 5 6 |  6.7
Dodging        | |  2.4

Action                   |  1- 3 |  4- 6 |  7- 9 || total
-------------------------+-------+-------+-------++-------
Melee: Unarmed           |    83 |   156 |   246 ||   485
       Punch             |       |     3 |     9 ||    12
Invok: Berserk           |       |       |     1 ||     1
       Trog's Hand       |       |       |     1 ||     1
  Use: Potion            |       |       |     4 ||     4
  Eat: Chunk             |     5 |    23 |    28 ||    56
       Ration            |       |       |     1 ||     1
Armor: Animal skin       |    32 |    53 |   125 ||   210
       Skin              |       |       |     3 ||     3
Dodge: Dodged            |    48 |    83 |   145 ||   276
